Cogmind - Beta 15 @@@ ROGUE MODE // 2025.07.31 @ 03:09:36 Player: DURANDAL Result: Destroyed by D-53 Grenadier with Mini Grenade Launcher Performance ------------- Evolutions (0) 0 Regions Visited (2) 400 Robots Destroyed (27) 135 Value Destroyed (638) 638 Prototype IDs (0) 0 Alien Tech Used (0) 0 Bonus (0) 0 TOTAL SCORE: 1173 Bonus ------- None Cogmind --------- Core Integrity 0/250 Matter 76/300 Energy 265/265 System Corruption 1% Temperature Warm (170) Movement Treading (160) Location -10/Mines Parts ------- > --- POWER (1) -------- Improved Ion Engine > --- PROPULSION (2) --- Light Treads Light Treads > --- UTILITY (2) ------ Large Storage Unit Improved Targeting Computer > --- WEAPON (2) ------- Assault Rifle Light Cannon > --- INVENTORY (15) --- Light Treads Light Treads Small Matter Pod (50) Large Matter Pod (150) Signal Interpreter Terrain Scanner Light Assault Rifle Light Assault Rifle Rocket Launcher Mining Laser Peak State ------------ > --- POWER ------------ Light Nuclear Core > --- PROPULSION ------- Light Treads Light Treads > --- UTILITY ---------- Large Storage Unit Improved Targeting Computer > --- WEAPON ----------- Autogun Autogun > --- INVENTORY -------- Improved Ion Engine Improved Ion Engine Light Treads Small Storage Unit Small Matter Pod Large Matter Pod Terrain Scanner Power Shielding Assault Rifle Assault Rifle Light Assault Rifle Light Assault Rifle Light Assault Rifle Grenade Launcher Grenade Launcher [Rating: 13] Favorites ----------- Power Light Nuclear Core Engine Improved Ion Engine Power Core Light Nuclear Core Propulsion Light Treads Treads Light Treads Utility Improved Targeting Computer Storage Large Storage Unit Processor Improved Targeting Computer Weapon Autogun Ballistic Gun Autogun Ballistic Cannon Light Cannon Launcher Rocket Launcher Build | -11 -10 -10 ------- Run | Yrd Mat Min Slots Evolved . | . . . Power . | . . . Propulsion . | . . . Utility . | . . . Weapon . | . . . Parts Attached 19 | 6 8 5 Power 4 | 1 2 1 Engine 3 | 1 1 1 Core 1 | . 1 . Reactor . | . . . Propulsion 6 | 2 2 2 Treads 6 | 2 2 2 Leg . | . . . Wheel . | . . . Hover . | . . . Flight . | . . . Utility 3 | 1 2 . Device . | . . . Storage 2 | 1 1 . Processor 1 | . 1 . Hackware . | . . . Protection . | . . . Artifact . | . . . Weapon 6 | 2 2 2 Energy Gun . | . . . Energy Cannon . | . . . Ballistic Gun 4 | 2 2 . Ballistic Cannon 1 | . . 1 Launcher 1 | . . 1 Special Weapon . | . . . Impact Weapon . | . . . Slashing Weapon . | . . . Piercing Weapon . | . . . Special Melee Weapon . | . . . Unidentified Prototypes . | . . . Parts Lost 5 | . 1 4 Power 1 | . . 1 Propulsion 1 | . . 1 Utility . | . . . Weapon 3 | . 1 2 Highest Loss Streak 4 | . 1 4 To Critical Strikes . | . . . Average Backups 10 | . 10 13 Power 1 | . 1 . Propulsion . | . . 3 Utility 3 | . 4 4 Weapon 4 | . 4 5 Tool/Special . | . . . Unused Backups 14 | . 5 9 Power 1 | . 1 . Propulsion 3 | . 1 2 Utility 5 | . 1 4 Weapon 5 | . 2 3 Tool/Special . | . . . Average Slot Usage (%) 96 | . 97 91 Engine 7 | . 7 5 Core 6 | . 6 7 Treads 27 | . 28 26 Storage 14 | . 14 14 Processor 11 | . 11 14 Ballistic Gun 27 | . 27 16 Peak Build Rating 13 | 6 13 12 Average Rating 10 | 4 10 10 On Entrance 6 | . 6 12 Naked Turns . | . . . Heaviest Build 33 | 14 33 32 Greatest Support 40 | 40 40 40 Greatest Overweight (x) 6 | 3 . 6 Average Overweight (x) . | . . . Largest Inventory Capacity 15 | 8 15 15 Average Capacity 12 | 7 12 15 Most Carried 15 | 3 15 15 Average Carried 10 | . 10 13 Final Capacity 15 | 8 15 15 Final Carried 15 | 1 15 10 Class Distribution -------------------- 100% | Mutant Dominant Class ---------------- Mutant | -10/Materials Mutant | -10/Mines Resources | -11 -10 -10 ----------- Run | Yrd Mat Min Matter Collected 1084 | 203 881 . Remotely . | . . . Salvage Created 885 | . 839 46 Parts 56 | . 56 . Haulers Intercepted 2 | . 2 . Recyclers Shooed 1 | . 1 . Parts Field Recycled . | . . . Retrieved Matter . | . . . Parts Self-Destructed . | . . . Prevented . | . . . Kills | -11 -10 -10 ------- Run | Yrd Mat Min Combat Hostiles Destroyed 36 | . 19 17 Guns 19 | . 19 . AOE 17 | . . 17 Classes Destroyed 7 | . 6 1 Worker 2 | . 2 . Hauler 2 | . 2 . Operator 2 | . 2 . Watcher 2 | . 2 . Swarmer 6 | . 6 . Grunt 13 | . 13 . Assembled 17 | . . 17 Best Kill Streak 17 | . 9 17 Combat Bots Only 17 | . 7 17 Max Kills in Single Turn 6 | . 2 6 Gunslinging . | . . . Exploded 6 | . . 6 Melee . | . . . Uniques/NPCs Destroyed . | . . . Combat | -11 -10 -10 -------- Run | Yrd Mat Min Hostile Shots Fired 140 | . 73 67 Missed 40 | . 22 18 Hits 100 | . 51 49 Melee 9 | . . 9 Projectile 91 | . 51 40 AOE 3 | . . 3 Critical Strikes 2 | . . 2 Damage Taken 1485 | . 540 945 Core 260 | . 79 181 Absorbed by Shields . | . . . Core Remaining (%) 100 | 100 . . Volleys Fired 96 | . 82 14 Largest 2 | . 2 2 Hottest 50 | . 46 50 Shots Fired 184 | . 163 21 Gun 175 | . 163 12 Cannon 2 | . . 2 Launcher 7 | . . 7 Special . | . . . Kinetic 177 | . 163 14 Thermal . | . . . Explosive 7 | . . 7 Electromagnetic . | . . . Robot Hit Streak 11 | . 11 4 Robot Miss Streak 5 | . 5 3 Penetration Max . | . . . Secondary Targets 2 | . 2 . Max Gunslinging Chain 1 | . 1 . Shots Hit Robots 106 | . 96 10 Core Hits 77 | . 43 34 Critical Kills 1 | . 1 . Critical Parts Destroyed . | . . . Critical Strikes 1 | . 1 . Destroy 1 | . 1 . Melee Attacks . | . . . Impact . | . . . Slashing . | . . . Piercing . | . . . Sneak Attacks . | . . . Combat Hostiles . | . . . Follow-up Attacks . | . . . Damage Inflicted 2725 | . 1329 1396 Guns 1372 | . 1284 88 Cannons 20 | . . 20 Explosions 1284 | . . 1284 Melee . | . . . Ramming 49 | . 45 4 Kinetic 1392 | . 1284 108 Thermal . | . . . Explosive 1284 | . . 1284 Electromagnetic . | . . . Impact . | . . . Slashing . | . . . Piercing . | . . . Highest Corruption 1 | . 1 1 Average Corruption 1 | . 1 1 Corruption Purged . | . . . Corruption Blocked . | . . . Effects 10 | . 9 1 Message Errors 2 | . 2 . Heat Flow Errors 3 | . 2 1 Energy Discharges 1 | . 1 . Data Loss (minor) 1 | . 1 . Alerts 2 | . 2 . Weapon Failures 1 | . 1 . Overload Shots . | . . . Overflow Damage 93 | . . 93 Projectiles . | . . . Explosions 93 | . . 93 Melee . | . . . Knockbacks . | . . . Impact . | . . . Kinetic . | . . . Secondary . | . . . Self-Inflicted Damage 77 | . . 77 Shots 5 | . . 5 Rammed 12 | . 10 2 Targets Rammed 12 | . 10 2 Kicked . | . . . Crushed . | . . . Highest Temperature 274 | . 100 274 Average Temperature 24 | . 13 81 Received Heat Transfer 360 | . 240 120 Siege Activations . | . . . Martial Activations . | . . . Shielding Activations . | . . . Robots Disrupted . | . . . Combat Hostiles . | . . . Robots Corrupted . | . . . Combat Hostiles . | . . . Parts Fried . | . . . Impact Corruptions . | . . . Robots Melted . | . . . Combat Hostiles . | . . . Parts Melted . | . . . Heat Transferred . | . . . Parts Sabotaged . | . . . Parts Stolen . | . . . Parts Stripped . | . . . Power Chain Reactions . | . . . Alert | -11 -10 -10 ------- Run | Yrd Mat Min Maximum Alert Level 1 | . 1 . Low Security (%) 86 | 100 85 100 Level 1 13 | . 14 . Level 2 . | . . . Level 3 . | . . . Level 4 . | . . . Level 5 . | . . . High Security . | . . . Max Security . | . . . Peak Influence 228 | . 228 78 Initial 78 | . . 78 Average 94 | . 101 55 Influence Increases 606 | . 565 41 Destroy 0b10 Robot/C 380 | . 380 . Destroy 0b10 Robot/NC 40 | . 40 . Destroy Leader 98 | . 98 . Disable Machine 60 | . 45 15 Destroy Structure 28 | . 2 26 Influence Decreases 567 | . 363 204 Entered New Map 124 | . . 124 Time Decay 393 | . 353 40 Lost Part 50 | . 10 40 Squads Dispatched 5 | . 5 . Investigation 1 | . 1 . Extermination . | . . . Reinforcement 4 | . 4 . Assault . | . . . Garrison . | . . . Intercept . | . . . Searches Triggered . | . . . Construction Impeded . | . . . Haulers Reinforced . | . . . Active Scanning Responses . | . . . Cargo Convoy Interrupts . | . . . Stealth | -11 -10 -10 --------- Run | Yrd Mat Min Distress Signals 1 | . 1 . Communications Jammed . | . . . Distress Signals . | . . . Times Spotted 50 | . 28 22 Peak Tracking Total 18 | . 3 18 Tactical Retreats . | . . . Traps | -11 -10 -10 ------- Run | Yrd Mat Min Traps Triggered 1 | . 1 . Indirectly . | . . . Trap Hack Attempts . | . . . Triggered . | . . . Disarmed . | . . . Reprogrammed . | . . . Reused . | . . . Traps Extracted . | . . . Installed . | . . . Triggered . | . . . Machines | -11 -10 -10 ---------- Run | Yrd Mat Min Machines Disabled 4 | . 3 1 Max in Single Turn 1 | . 1 1 Machines Repaired . | . . . Machines Dismantled . | . . . Machines Sabotaged . | . . . Overloaded Fab Kills . | . . . Hacking | -11 -10 -10 --------- Run | Yrd Mat Min Machines Accessed 6 | . 6 . Terminals 3 | . 3 . Fabricators . | . . . Repair Stations 1 | . 1 . Recycling Units 2 | . 2 . Scanalyzers . | . . . Garrison Access . | . . . Total Hacks 8 | . 8 . Successful 4 | . 4 . Failed 4 | . 4 . Catastrophic . | . . . Database Lockouts . | . . . Manual 1 | . 1 . Terminals 5 | . 5 . Fabricators . | . . . Repair Stations 1 | . 1 . Recycling Units 2 | . 2 . Scanalyzers . | . . . Garrison Access . | . . . Terminal Hacks 2 | . 2 . Record 1 | . 1 . Branch Access Points 1 | . 1 . Fabricator Hacks . | . . . Repair Station Hacks . | . . . Recycling Unit Hacks 1 | . 1 . Report Inventory 1 | . 1 . Scanalyzer . | . . . Garrison Access Hacks . | . . . Unauthorized Hacks . | . . . Terminals . | . . . Fabricators . | . . . Repair Stations . | . . . Recycling Units . | . . . Scanalyzers . | . . . Garrison Access . | . . . Data Cores Recovered . | . . . Used . | . . . Hacking Detections 1 | . 1 . Full Trace Events 1 | . 1 . Feedback Events . | . . . Feedback Blocked . | . . . Robot Schematics Acquired . | . . . Robots Built . | . . . Authchips . | . . . Time . | . . . Total Robot Build Rating . | . . . Part Schematics Acquired . | . . . Parts Built . | . . . Authchips . | . . . Time . | . . . Total Part Build Rating . | . . . Parts Repaired . | . . . Time . | . . . Parts Recycled . | . . . Recycled Matter . | . . . Retrieved Matter . | . . . Retrieved Components . | . . . Parts Scanalyzed . | . . . Part Schematics Acquired . | . . . Parts Damaged . | . . . Bothacking | -11 -10 -10 ------------ Run | Yrd Mat Min Used RIF Installer . | . . . Robots Hacked . | . . . Non-combat . | . . . Combat . | . . . Robot Hacks Applied . | . . . Relay Couplers Released . | . . . Fabnet Peak Effective % . | . . . Robots Rewired . | . . . Allies Hacked . | . . . Hacks Repelled . | . . . Allies | -11 -10 -10 -------- Run | Yrd Mat Min Total Allies . | . . . Largest Group . | . . . Highest-Rated Group . | . . . Highest-Rated Ally . | . . . Total Orders . | . . . Ally Attacks . | . . . Total Damage . | . . . Kills . | . . . Allies Corrupted . | . . . Allies Melted . | . . . Intel | -11 -10 -10 ------- Run | Yrd Mat Min Active Infowar (turns) . | . . . Robot Analysis Total . | . . . Derelict Logs Recovered . | . . . Drone Launches . | . . . Drone Recoveries . | . . . Exploration | -11 -10 -10 ------------- Run | Yrd Mat Min Turns Passed 1599 | 67 1449 83 Spaces Moved 769 | 38 712 19 Core 10 | 9 . 1 Treads 759 | 29 712 18 Legs . | . . . Wheels . | . . . Hover . | . . . Flight . | . . . Fastest Speed 50 | 50 160 160 Average Speed 159 | 145 160 174 Slowest Speed 350 | 200 160 350 Overloaded Moves . | . . . Propulsion Burnouts . | . . . Robots Hopped . | . . . Potential Cave-ins . | . . . Cave-ins Triggered . | . . . Exploration Rate (%) 34 | 4 86 12 Regions Visited 2 Branch Regions 1 Pre-discovered Areas . | . . . Known Exits Taken 1 | . 1 . Unknown Exits Taken 1 | 1 . . Scrap Searched . | . . . Spaces Dug . | . . . Terrain Destroyed 37 | . . 37 Melee . | . . . Projectile . | . . . AOE 37 | . . 37 Terrain Rammed . | . . . Walls Destroyed . | . . . Machines Disabled . | . . . Actions | -11 -10 -10 --------- Run | Yrd Mat Min Total 977 | 50 879 48 Wait 36 | . 31 5 Move 767 | 37 711 19 Hop . | . . . Pick Up 34 | 7 26 1 Fast Attach . | . . . Attach 13 | 6 2 5 Detach . | . . . Swap 8 | . 7 1 Drop 11 | . 10 1 Fire 96 | . 82 14 Melee . | . . . Ram . | . . . Kick . | . . . Crush 12 | . 10 2 Escape Stasis . | . . . Rewire . | . . . Trap . | . . . Miscellaneous . | . . . Route ------- -11/Scrapyard -10/Materials (discovered 5 exits: [*Mat x3] / *Min / [*Sub]) -10/Mines History --------- Turn | Location | Event 6 | -11/Scrapyard | Discovered new exit (range 15) 68 | -11/Scrapyard | Entered Materials 323 | -10/Materials | Build established: Mutant 499 | -10/Materials | Discovered new exit (range 10) 742 | -10/Materials | Destroyed 7 combat bots 774 | -10/Materials | Identified exit to Mines 784 | -10/Materials | Discovered new exit (range 13) 804 | -10/Materials | Discovered new exit (range 13) 1264 | -10/Materials | Discovered new exit (range 7) 1517 | -10/Materials | Entered Mines 1523 | -10/Mines | Met a Derelict bent on vengeance 1524 | -10/Mines | Received a Rocket Launcher from a helpful Derelict 1531 | -10/Mines | Assembled infested the area 1563 | -10/Mines | Core integrity fell below 50% 1572 | -10/Mines | Core integrity fell below 20% 1592 | -10/Mines | Lost 4 parts (1p1n2w) 1600 | -10/Mines | Destroyed by D-53 Grenadier with Mini Grenade Launcher Last Messages --------------- 01573_ as-49880 destroyed. 01573_ as-46674 destroyed. 01573_ as-18849 destroyed. 01575_ Destroyed Asb. F-torch. 01575_ as-84276 destroyed. 01575_ Destroyed Asb. Hover Unit. 01575_ as-60819 destroyed. 01575_ Destroyed Asb. F-torch. 01575_ as-81109 destroyed. 01577_ Destroyed Asb. Hover Unit. 01577_ as-17517 destroyed. 01577_ Destroyed Asb. F-torch. 01577_ Destroyed Asb. Hover Unit. 01579_ as-58573 destroyed. [Achievement: Exterminator] 01581_ as-45205 destroyed. 01581_ as-20502 destroyed. 01582_ The unstable cave ceiling collapses. 01589_ System corrupted: Heat flow error (+293). 01591_ The unstable cave ceiling collapses. Map ----- +----------------------------------------------------+ | ????????????????????????????????????????? | | ????????????????????????????????????????? | | ????????????????????????????????????????? | | ????????????????????????????????????????? | | ????????????????????????????????????????? | | ?????????????????????????????##?????????? | | ????????????????????????????? ?????????? | | ?????????????????????????????# ?????????? | | ?????????????????????????????# #????????? | | ?????????????????????????????# ##???????? | | ????????????????????????????## ##??????? | | ???????????????????????????## ###????? | | ??????????????????????????## ##???? | | ?????????????????????????## #???? | | ???????????????????????### ] #???? | | ??????????????????# #???? | | ???????????????????######## # ## ##???? | | ??????????????????????????##?# #####????? | | ?????????????????????????????# #????????? | | ????????????????????????###### ####?????? | | ???????????????????????## ##????? | | ?????????????????????### #????? | | ?????????????????????# ##???? | | ????????????????????## #???? | | ???????????????????## #???? | | ???????????????????# @ ##???? | | ???????????????????# #????? | | ???????????????????## # #????? | | ????????????????????## ##????? | | ?????????????????????## ### ###?????? | | ??????????????????????##!=###?? #???????? | | ??????????????????????? #???? #???????? | | ?????????????????????? ???? #???????? | | ?????????????????????? dd ???? #???????? | | ?????????????????????# ???? #???????? | | ?????????????????????# ???? #???????? | | ????????????????????? % ?????????????? | | ????????????????????? ?????????????? | | ????????????????????? ##?????????????? | | ????????????????????? #???????????????? | | ???????????????????????#????????????????? | | ????????????????????????????????????????? | | ????????????????????????????????????????? | | ????????????????????????????????????????? | | ????????????????????????????????????????? | | ????????????????????????????????????????? | | ????????????????????????????????????????? | | ????????????????????????????????????????? | | ????????????????????????????????????????? | | ????????????????????????????????????????? | +----------------------------------------------------+ Best States ------------- Heat Dissipation 25 Energy Generation 14 Energy Capacity 265 Matter Stores 300 Matter Capacity 300 Sight Range 16 Terrain Scan Density 10 Evasion (%) 40 Targeting Accuracy 6 Recoil Reduction 2 Item Schematics ----------------- None Robot Schematics ------------------ None Fabricated ------------ Nothing Repaired ---------- Nothing Alien Tech Used ----------------- None Achievements -------------- Exterminator Challenges ------------ None Game ------ Seed SuspensionDecoderRedirector Manual? 0 Play Time 00:19:26 Cumulative 21.6 hours Start 2025.07.31 @ 02:48:29 End 2025.07.31 @ 03:09:36 Sessions 1 Manual Loads 0 Difficulty Rogue Special Mode None Game No. 40 Rogue 40 Adventurer 0 Explorer 0 Win Type - Total 0 Types 0/0/0/0/0/0/0/0/0/0 Lore% 15 Gallery% 16 Achievement% 18 Wizard Run 0 Options --------- Layout 1 ASCII 0 Keyboard 0 Movement Numpad Keybinds 0 Fullscreen 1 Font 32/SmallcapsGlow Map View 50x35 Zoom Use 0% Tactical HUD 1 Map Filters NONE Filters NONE Steam 1 RUN: 50e8e333-6f7d-4522-95ef-6bbbd1220950